 Dungeon Sprint DCSS version 0.30-a0-135-g630cfc4551 (webtiles) character file.

Game seed: 16963174580759145932

4287 mhtbhm the Earth Mage (level 10, 0/50 HPs)
             Began as a Gargoyle Earth Elementalist on Sept 20, 2022.
             Was the Champion of Vehumet.
             Slain by a cane toad (13 damage)
             ... in the Dungeon (Sprint III: "The Ten Rune Challenge").
             The game lasted 00:06:23 (2090 turns).

mhtbhm the Earth Mage (Gargoyle Earth Elementalist) Turns: 2090, Time: 00:06:23

Health: 0/50       AC: 11    Str: 12    XL:     10   Next: 32%
Magic:  24/28      EV: 13    Int: 20    God:    Vehumet [******]
Gold:   1608       SH:  0    Dex:  8    Spells: 17/37 levels left

rFire   . . .      SeeInvis .    d - +1 dagger (venom)
rCold   . . .      Faith    .    (no shield)
rNeg    + . .      Spirit   .    a - +0 robe
rPois   ∞          Reflect  .    (no helmet)
rElec   +          Harm     .    (no cloak)
rCorr   .          Rampage  .    (no gloves)
Will    .....      NoTele   +    (no boots)
Stlth   ++........               (no amulet)
HPRegen 0.16/turn                (no ring)
MPRegen 0.21/turn                (no ring)

@: very slow
A: sickness immunity, AC +7, negative energy resistance 1, electricity
resistance, torment resistance 1, petrification resistance, iridescent scales 1,
clumsy 1, sturdy frame 1
a: Renounce Religion


You were in the Dungeon.
You worshipped Vehumet.
Vehumet was exalted by your worship.
You visited 1 branch You collected 1608 gold pieces.

Inventory:

Hand Weapons
 d - a +1 dagger of venom (weapon)
Armour
 a - a +0 robe (worn)
Scrolls
 f - a scroll of immolation {unknown}
 h - 3 scrolls of poison {unknown}
 j - 2 scrolls of silence {unknown}
 k - a scroll of magic mapping {unknown}
Potions
 b - 3 potions of magic
 c - 2 potions of curing
 i - 2 potions of attraction {unknown}
 l - a potion of flight {unknown}
 m - 2 potions of mutation
Miscellaneous
 e - a lightning rod (4/4)


   Skills:
 + Level 5.1 Dodging
 + Level 5.2 Stealth
 - Level 0.6 Unarmed Combat
 + Level 14.3 Spellcasting
 + Level 7.0 Conjurations
 + Level 2.3 Transmutations
 + Level 17.4 Earth Magic
 + Level 3.5 Evocations


You had 17 spell levels left.
You knew the following spells:

 Your Spells              Type           Power      Damage    Failure   Level
a - Sandblast             Erth           100%       2d20      0%          1
b - Passwall              Tmut/Erth      43%        N/A       1%          2
c - Stone Arrow           Conj/Erth      100%       3d13      1%          3
d - Petrify               Tmut/Erth      52%        N/A       1%          4
e - Fireball              Conj/Fire      14%        3d8       8%          5
f - Lee's Rapid Deconstr  Erth           35%        3d19*     1%          5

Your spell library contained the following spells:

 Spells                   Type           Power      Damage    Failure   Level
 Slow                     Hex            56%        N/A       4%          1
 Confusing Touch          Hex            14%        N/A       13%         3
 Vampiric Draining        Necr           14%        2d7       13%         3


Dungeon Overview and Level Annotations

Branches:
Dungeon (1/1)

Altars:
Cheibriados
Dithmenos
Elyvilon
Fedhas
Gozag
Hepliaklqana
Kikubaaqudgha
Makhleb
Nemelex Xobeh
Okawaru
Qazlal
Ru
Sif Muna
Trog
Uskayaw
Vehumet
Wu Jian
Xom
Yredelemnul
Zin
The Shining One
Jiyva
Lugonu

Shops:
D (


Innate Abilities, Weirdness & Mutations

You are immune to sickness and miasma.
Your stone body is resilient. (AC +7)
You are immune to poison.
You resist negative energy. (rN+)
You are resistant to electric shocks. (rElec)
You are resistant to unholy torment.
You are immune to petrification.
You are partially covered in iridescent scales. (AC +2)
You are clumsy. (Dex -2)
Your movements are slightly less encumbered by armour. (ER -2)


Message History

Moving in this stuff is going to be slow.
There is an open door to the Lair of Beasts here.
Okay, then.
Okay, then.
Memorise Lee's Rapid Deconstruction, consuming 5 spell levels and leaving 17?
Vehumet grants you knowledge of Lee's Rapid Deconstruction.
You start memorising the spell.
You continue memorising. x5
You finish memorising.
You add the spell Lee's Rapid Deconstruction to your library.
Spell assigned to 'f'.
Unknown command.
There is an open door to the Lair of Beasts here.
You enter the shallow water.
Moving in this stuff is going to be slow.
You start waiting.
You enter the shallow water.
Moving in this stuff is going to be slow.
As you open the door, it creaks loudly!
A komodo dragon and 2 cane toads come into view.
The cane toad gives a loud, deep croak! x2
Unknown command.
The cane toad barely misses you.
Okay, then.
Okay, then.
Casting: Stone Arrow (safe; 1% risk of failure)
Confirm with . or Enter, or press ? or * to list all spells.
Aiming: Petrify (dangerous; 1% risk of failure)
Press: ? - help, Shift-Dir - straight line, f - cane toad
Aim: a cane toad (water, chance to affect: 72%)
The cane toad is moving more slowly.
The cane toad stings you! x2
Unknown command.
The cane toad attacks as you move away! The cane toad barely misses you.
The cane toad stings you!
* * * LOW HITPOINT WARNING * * *
The cane toad barely misses you.
The cane toad stings you but does no damage.
The cane toad stings you.
* * * LOW HITPOINT WARNING * * *
You feel better. The cane toad stings you!
You die...

~.....'.⌠........#)##∩#....##
~~~...#...######'#)####.###.#
~~....#.⌠.#__#...#)##############
~.....#...#__#...#)§§§§'.#.))).'.
......#[###__#...#.#§§~#.#.#...##
......#...#__#...'.#.§.#.#.#...#.
......#___#__'...#.#.§§#...#...##
▓▓▓▓▓▓▓▓▓▓▓▓▓▓▓▓▓▓▓▓▓▓▓▓▓▓▓▓▓▓▓#.
♣lF@........~~~...##
♣'♣F≈≈≈≈≈≈≈≈≈≈≈♣♣P.'.
.~♣♣♣♣♣♣♣♣♣♣♣♣♣♣♣♣PP## #.. ♣♣♣#
##


You could see a komodo dragon and 2 cane toads.

Vanquished Creatures
  Josephine (D)
  A centaur warrior (D)
  An orc knight (D)
  A deep elf pyromancer (D)
  An unseen horror (D)
  3 wandering mushrooms (D)
  A shadow (D)
  A spatial vortex (D)
  An orc warrior (D)
  2 centaurs (D)
  An earth elemental (D)
  A necrophage (D)
  A water elemental (D)
  A jelly (D)
  4 orc priests (D)
  A necromancer (D)
  A wizard (D)
  2 orc wizards (D)
  3 humans (D)
  A kobold demonologist (D)
  A wolf (D)
  A dart slug (D)
  9 orcs (D)
  An endoplasm (D)
  3 rats (D)
44 creatures vanquished.

Notes
Turn   | Place    | Note
-------+----------+-------------------------------------------
     0 | D        | mhtbhm the Gargoyle Earth Elementalist began the quest for
                  | the Orb.
     0 | D        | Reached XP level 1. HP: 10/10 MP: 3/3
     3 | D        | Reached skill level 4 in Earth Magic
   101 | D        | Reached skill level 5 in Earth Magic
   101 | D        | Reached XP level 2. HP: 3/15 MP: 1/6
   143 | D        | Learned a level 2 spell: Passwall
   349 | D        | Reached skill level 6 in Earth Magic
   349 | D        | Reached XP level 3. HP: 19/19 MP: 5/8
   353 | D        | Learned a level 3 spell: Stone Arrow
   377 | D        | Gained mutation: You possess an exceptional clarity of
                  | mind. [potion of mutation]
   377 | D        | Gained mutation: You expend magic power (3 MP) to
                  | strengthen your wands. [potion of mutation]
   378 | D        | Lost mutation: You expend magic power (3 MP) to strengthen
                  | your wands. [potion of mutation]
   378 | D        | Lost mutation: You possess an exceptional clarity of mind.
                  | [potion of mutation]
   378 | D        | Gained mutation: You are clumsy. (Dex -2) [potion of
                  | mutation]
   378 | D        | Gained mutation: You are weak. (Str -2) [potion of
                  | mutation]
   378 | D        | Gained mutation: You are very clumsy. (Dex -4) [potion of
                  | mutation]
   379 | D        | Lost mutation: You are very clumsy. (Dex -4) [potion of
                  | mutation]
   379 | D        | Lost mutation: You are weak. (Str -2) [potion of mutation]
   379 | D        | Gained mutation: You are strong-willed. (Will+) [potion of
                  | mutation]
   379 | D        | Gained mutation: You are partially covered in iridescent
                  | scales. (AC +2) [potion of mutation]
   379 | D        | Lost mutation: You are strong-willed. (Will+) [potion of
                  | mutation]
   379 | D        | Gained mutation: Your movements are slightly less
                  | encumbered by armour. (ER -2) [potion of mutation]
   470 | D        | Noticed a water elemental
   478 | D        | Killed a water elemental
   479 | D        | Reached skill level 8 in Earth Magic
   479 | D        | Reached XP level 4. HP: 12/24 MP: 1/10
   630 | D        | Learned a level 4 spell: Petrify
   637 | D        | Found a radiant altar of Vehumet.
   637 | D        | Found a shimmering blue altar of Sif Muna.
   637 | D        | Found an ancient bone altar of Kikubaaqudgha.
   637 | D        | Noticed a wizard
   639 | D        | Noticed an orange demon
   641 | D        | Killed a wizard
   642 | D        | Reached skill level 5 in Spellcasting
   642 | D        | Reached XP level 5. HP: 15/28 MP: 6/12
   646 | D        | Reached skill level 9 in Earth Magic
   704 | D        | Became a worshipper of Vehumet
   722 | D        | Found a hide-covered altar of Uskayaw.
   722 | D        | Found an iron altar of Okawaru.
   722 | D        | Found a bloodstained altar of Trog.
   722 | D        | Found an ornate altar of the Wu Jian Council.
   722 | D        | Noticed a human
   723 | D        | Noticed a human
   759 | D        | Killed a human
   760 | D        | Reached skill level 10 in Earth Magic
   760 | D        | Reached XP level 6. HP: 11/32 MP: 8/16
   761 | D        | Killed a human
   762 | D        | Reached skill level 11 in Earth Magic
  1000 | D        | Found a basalt altar of Yredelemnul.
  1000 | D        | Found a shadowy altar of Dithmenos.
  1000 | D        | Found a sacrificial altar of Ru.
  1002 | D        | Reached * piety under Vehumet
  1002 | D        | Offered knowledge of Freeze by Vehumet.
  1003 | D        | Reached skill level 12 in Earth Magic
  1003 | D        | Reached XP level 7. HP: 36/36 MP: 13/19
  1131 | D        | Found a glowing silver altar of Zin.
  1131 | D        | Found a glowing golden altar of the Shining One.
  1131 | D        | Found a white marble altar of Elyvilon.
  1131 | D        | Noticed a deep elf pyromancer
  1134 | D        | Killed a deep elf pyromancer
  1135 | D        | Reached skill level 10 in Spellcasting
  1135 | D        | Reached skill level 13 in Earth Magic
  1135 | D        | Reached XP level 8. HP: 41/41 MP: 14/22
  1171 | D        | Noticed a shadow
  1175 | D        | Killed a shadow
  1175 | D        | Reached ** piety under Vehumet
  1175 | D        | Offered knowledge of Magic Dart by Vehumet.
  1176 | D        | Reached skill level 14 in Earth Magic
  1228 | D        | Found a blossoming altar of Fedhas.
  1228 | D        | Found a stormy altar of Qazlal.
  1228 | D        | Found a snail-covered altar of Cheibriados.
  1228 | D        | Found a burning altar of Makhleb.
  1228 | D        | Found a shimmering altar of Xom.
  1229 | D        | Found a hazy altar of Hepliaklqana.
  1229 | D        | Found an opulent altar of Gozag.
  1229 | D        | Found a sparkling altar of Nemelex Xobeh.
  1229 | D        | Found a corrupted altar of Lugonu.
  1229 | D        | Found a viscous altar of Jiyva.
  1289 | D        | Noticed Josephine
  1300 | D        | Killed Josephine
  1301 | D        | Reached skill level 5 in Stealth
  1301 | D        | Reached skill level 15 in Earth Magic
  1301 | D        | Reached XP level 9. HP: 41/45 MP: 8/25
  1395 | D        | Offered knowledge of Kindle Blastsparks by Vehumet.
  1395 | D        | Reached *** piety under Vehumet
  1469 | D        | Noticed an orc knight
  1471 | D        | Reached **** piety under Vehumet
  1473 | D        | Reached ***** piety under Vehumet
  1488 | D        | Killed an orc knight
  1489 | D        | Reached skill level 1 in Transmutations
  1489 | D        | Reached skill level 16 in Earth Magic
  1489 | D        | Reached skill level 1 in Evocations
  1578 | D        | Found Oxkurch's Weapon Shop.
  1693 | D        | Noticed a centaur warrior
  1698 | D        | Offered knowledge of Fulminant Prism by Vehumet.
  1699 | D        | Reached skill level 5 in Conjurations
  1702 | D        | Killed a centaur warrior
  1703 | D        | Reached skill level 5 in Dodging
  1703 | D        | Reached XP level 10. HP: 18/50 MP: 22/27
  1912 | D        | Killed an unseen horror
  1912 | D        | Reached ****** piety under Vehumet
  1912 | D        | Offered knowledge of Fireball by Vehumet.
  1913 | D        | Reached skill level 17 in Earth Magic
  1935 | D        | Learned a level 5 spell: Fireball
  1937 | D        | Offered knowledge of Lee's Rapid Deconstruction by Vehumet.
  2015 | D        | Learned a level 5 spell: Lee's Rapid Deconstruction
  2086 | D        | Noticed a cane toad
  2086 | D        | Noticed a cane toad
  2090 | D        | Slain by a cane toad

Illustrated notes

Levels and vault maps discovered:
D:        dungeon_sprint_mu [sprint_mu_entry_forest, sprint_mu_temple_rooms,
          sprint_mu_d1_horrors, sprint_mu_d2_genie, sprint_mu_d3_branching,
          sprint_mu_orc_legion, sprint_mu_elf_gauntlet, sprint_mu_hive_nellie,
          sprint_mu_lair_fedhas, sprint_mu_vaults_butterflies,
          sprint_mu_slime_circle, sprint_mu_swamp_cave, sprint_mu_snake_twists,
          sprint_mu_blade_basic, sprint_mu_crypt_fortress,
          sprint_mu_tomb_spiral, sprint_mu_vestibule_basic,
          sprint_mu_gehenna_hellfire, sprint_mu_dis_giant,
          sprint_mu_tartarus_statrot, sprint_mu_cocytus_islands, sprint_mu_zot1]

Skill      XL: |  1  2  3  4  5  6  7  8  9 10 |
---------------+-------------------------------+-----
Earth Magic    | 5 6 8 10 12 13 15 16 17 | 17.4
Dodging        | 2 3 4 5 |  5.1
Spellcasting   | 3 4 5 7 9 10 12 13 14 | 14.3
Stealth        | 3 4 5 |  5.2
Conjurations   | 2 5 7 |  7.0
Transmutations | 1 2 |  2.3
Evocations     | 2 3 |  3.5
Unarmed Combat | |  0.6

Action                   |  1- 3 |  4- 6 |  7- 9 | 10-12 || total
-------------------------+-------+-------+-------+-------++-------
Melee: Unarmed           |    11 |       |       |       ||    11
 Cast: Sandblast         |    18 |    15 |     9 |       ||    42
       Stone Arrow       |       |     2 |    23 |     8 ||    33
       Petrify           |       |       |     2 |     1 ||     3
       Passwall          |       |       |     2 |       ||     2
Evoke: Lightning rod     |       |       |    11 |     3 ||    14
  Use: Potion            |     4 |     2 |     1 |     1 ||     8
       Scroll            |       |     1 |       |       ||     1
Armor: Robe              |     7 |    10 |     9 |     2 ||    28
Dodge: Dodged            |    13 |    21 |     6 |     3 ||    43

Table legend: (Time is in decaauts)
 A = Elapsed time spent in this place.
 B = Non-inter-level travel time spent in this place.
 C = Inter-level travel time spent in this place.
 D = Time resting spent in this place.
 E = Time spent auto-exploring this place.
 F = Levels seen in this place.
 G = Mean time per level.
                   A        B        C        D        E       F      G
               +--------+--------+--------+--------+--------+-----+--------+
         Total |   2122 |   2122 |      0 |   1514 |      1 |   1 | 2122.0 |
       Dungeon |   2122 |   2122 |      0 |   1514 |      1 |   1 | 2122.0 |
               +--------+--------+--------+--------+--------+-----+--------+

Top non-repeatable levels by time:
       D: 2122 daAuts
